 Dungeon Crawl Stone Soup version 0.18-a0-721-g8fc53f4 (webtiles) character file.

238 Duffy the Ruffian (level 6, -2/37 HPs)
             Began as a Tengu Fighter on Dec 8, 2015.
             Was an Initiate of Cheibriados.
             Slain by Edmund
             ... wielding a +0 dire flail
              (7 damage)
             ... on level 4 of the Dungeon.
             The game lasted 00:02:33 (2520 turns).

Duffy the Ruffian (Tengu Fighter)                   Turns: 2520, Time: 00:02:33

Health: -2/37      AC:  6    Str: 19    XL:     6   Next: 7%
Magic:  7/7        EV:  9    Int:  9    God:    Cheibriados [......]
Gold:   69         SH:  0    Dex: 15    Spells: 0 memorised, 5 levels left

rFire  . . .     SeeInvis .       - Unarmed
rCold  . . .     Clarity  .     a - +0 scale mail
rNeg   . . .     SustAt   .     (no shield)
rPois  .         Gourm    .     (helmet restricted)
rElec  .         Spirit   .     (no cloak)
rCorr  .         Dismiss  .     (no gloves)
rMut   .         Stasis   .     (boots unavailable)
MR     .....                    (no amulet)
Stlth  ..........               (no ring)
                                (no ring)

@: slow, not resistant to hostile enchantments, extremely unstealthy
A: beak, talons 3, able to fly 1
a: Fly, Bend Time, Renounce Religion


You were on level 4 of the Dungeon.
You worshipped Cheibriados.
Cheibriados was noncommittal.
You were not hungry.

You visited 1 branch of the dungeon, and saw 4 of its levels.

You collected 69 gold pieces.


Innate Abilities, Weirdness & Mutations

You have a beak for a mouth.
You have claws for feet.
You can fly.


   Skills:
 - Level 3.0 Fighting
 - Level 3.2 Armour
 - Level 3.0 Shields
 + Level 6.7 Unarmed Combat


You had 5 spell levels left.
You didn't know any spells.

Inventory:

Missiles
 f - 2 javelins (quivered)
Armour
 a - a +0 scale mail (worn)
 b - a +0 shield
Jewellery
 h - an uncursed amulet of guardian spirit {unknown}
Scrolls
 j - a scroll of teleportation {unknown}
 k - a scroll of immolation {unknown}
 l - a scroll of random uselessness {unknown}
 n - 3 scrolls of identify {unknown}
 p - a scroll of remove curse {unknown}
Potions
 c - a potion of might
 e - a potion of cure mutation {unknown}
 i - a potion of cancellation {unknown}
 m - 2 potions of invisibility {unknown}
 o - 3 potions of curing {unknown}
 q - a potion of mutation {unknown}
Comestibles
 d - 2 bread rations
 g - a meat ration
 r - 2 chunks of flesh

Dungeon Overview and Level Annotations

Branches:
Dungeon (4/15)
 Temple: D:4-7

Altars:
Cheibriados
Elyvilon
Nemelex Xobeh

Annotations:
D:4 Edmund


Message History

Edmund is moderately wounded.
Edmund hits you with a dire flail.
You closely miss Edmund. You claw Edmund, but do no damage.
Edmund is moderately wounded.
You closely miss Edmund. You peck Edmund.
Edmund is moderately wounded.
Edmund closely misses you.
You hit Edmund. Your kick misses Edmund.
Edmund is heavily wounded.
Edmund hits you with a dire flail.
You hit Edmund. You claw Edmund, but do no damage.
Edmund is heavily wounded.
Edmund hits you with a dire flail.
You hit Edmund but do no damage. You claw Edmund, but do no damage.
Your peck misses Edmund.
Edmund is heavily wounded.
Edmund hits you with a dire flail!
You are too injured to fight recklessly!
You are too injured to fight recklessly!
You are too injured to fight recklessly!
You are too injured to fight recklessly!
You hit Edmund.
Edmund is severely wounded.
Edmund hits you with a dire flail.
You closely miss Edmund. Your kick misses Edmund. Your peck misses Edmund.
Edmund is severely wounded.
You hit Edmund but do no damage. Your kick misses Edmund.
Your peck misses Edmund.
Edmund is severely wounded.
Edmund hits you with a dire flail.
You hit Edmund but do no damage. You claw Edmund, but do no damage.
You peck Edmund.
Edmund is severely wounded.
Edmund hits you with a dire flail!
You die...

oo.o....##########
###..@........##
#............#
#..S...#####.# #......#
#.# #......# #.# .
#......# ##.## .#
##.....####...###### .
>.........._.@....#####
#
...####..@####.....####
# ##.## #@###....### #
#.# #.# ####...### #.#
#.# ###.... #.#####.#
##### #....@..#
#.......# #########


You could see Edmund.

Action                   |  1- 3 |  4- 6 || total
-------------------------+-------+-------++-------
Melee: Unarmed           |   104 |    74 ||   178
  Eat: Chunk             |     2 |     3 ||     5

Notes
Turn   | Place    | Note
--------------------------------------------------------------
     0 | D:1      | Duffy the Tengu Fighter began the quest for the Orb.
     0 | D:1      | Reached XP level 1. HP: 14/14 MP: 2/2
   121 | D:1      | Found a white marble altar of Elyvilon.
   121 | D:1      | Found a sparkling altar of Nemelex Xobeh.
   160 | D:1      | Reached skill level 3 in Unarmed Combat
   160 | D:1      | Reached XP level 2. HP: 6/19 MP: 3/3
  1015 | D:2      | Found a white marble altar of Elyvilon.
  1022 | D:2      | Reached XP level 3. HP: 19/23 MP: 4/4
  1164 | D:3      | Reached skill level 4 in Unarmed Combat
  1516 | D:4      | Reached XP level 4. HP: 17/28 MP: 5/5
  1641 | D:4      | Noticed Blork the orc
  1657 | D:4      | Killed Blork the orc
  1657 | D:4      | Reached skill level 5 in Unarmed Combat
  1657 | D:4      | Gained mutation: You can fly. [Tengu growth]
  1657 | D:4      | Reached XP level 5. HP: 11/32 MP: 6/6
  1878 | D:4      | Reached skill level 6 in Unarmed Combat
  1993 | D:4      | Found a snail-covered altar of Cheibriados.
  1999 | D:4      | Noticed Edmund
  2017 | D:4      | Reached XP level 6. HP: 12/37 MP: 7/7
  2502 | D:4      | Became a worshipper of Cheibriados the Contemplative
  2520 | D:4      | Slain by Edmund

Vault maps used:
D:1:      erik_arrival_cave_to_civilisation
D:2:      elyvilon_altar_5, uniq_terence
D:3:      grunt_temple_overflow_open, first_bread, minmay_ogre_servants
D:4:      nicolae_overflow_crystal_walls, uniq_pikel, uniq_edmund,
          uniq_blork_the_orc

Vanquished Creatures
  Blork the orc
  2 hounds
  An iguana
  A worker ant
  A gnoll
  An adder
  5 orcs
  3 bats
  5 goblins
  6 hobgoblins
  3 kobolds
  A quokka
  3 ball pythons
  A giant newt
  3 rats
37 creatures vanquished.
